 Dungeon Sprint DCSS version 0.30.1-4-g462c640d31 (webtiles) character file.

Game seed: 2577871661312736121

1241 Heoruswealwe the Grappler (level 8, -1/88 HPs)
             Began as a Troll Berserker on Aug 17, 2023.
             Was an Elder of Trog.
             Slain by a centaur warrior (6 damage)
             ... in the Dungeon (Sprint I: "Red Sonja").
             The game lasted 00:04:47 (327 turns).

Heoruswealwe the Grappler (Troll Berserker)          Turns: 327, Time: 00:04:48

Health: -1/88      AC:  4    Str: 28    XL:     8   Next: 25%
Magic:  7/7        EV: 12    Int:  3    God:    Trog [****..]
Gold:   354        SH:  0    Dex:  9    Spells: 7/7 levels left

rFire   . .          .
                       - Unarmed
rCold   . . .        (no shield)
rNeg    . . .        a - +0 animal skin
rPois   .            (helmet restricted)
rElec   .            (no cloak)
rCorr   .            (gloves unavailable)
SInv    +            (boots unavailable)
Will    .....        (no amulet)
Stlth   +            h - ring of see invisible
HPRegen 1.14/turn    (no ring)
MPRegen 0.10/turn

%: no teleportation
@: hasted, very quick
A: large, unfitting armour, claws 3, regeneration 1, shaggy fur 1, tough skin 1
a: Renounce Religion, Berserk, Trog's Hand, Brothers in Arms


You were in the Dungeon.
You worshipped Trog.
Trog was greatly pleased with you.
You visited 1 branch You collected 504 gold pieces.
You spent 150 gold pieces at shops.

Inventory:

Armour
 a - a +0 animal skin (worn)
Jewellery
 h - a ring of see invisible (left claw)
Wands
 f - a wand of digging (5)
Scrolls
 g - a scroll of blinking
Potions
 e - 2 potions of magic


   Skills:
 + Level 8.1 Fighting
 + Level 8.1 Dodging
 * Level 13.2 Unarmed Combat


You had 7 spell levels left.
You didn't know any spells.
Your spell library was empty.

Dungeon Overview and Level Annotations

Branches:
Dungeon (1/1)

Altars:
Cheibriados
Dithmenos
Elyvilon
Fedhas
Gozag
Hepliaklqana
Kikubaaqudgha
Makhleb
Nemelex Xobeh
Okawaru
Qazlal
Ru
Sif Muna
Trog
Uskayaw
Vehumet
Wu Jian
Xom
Yredelemnul
Zin
The Shining One
Jiyva
Lugonu

Shops:
D =


Innate Abilities, Weirdness & Mutations

You are too large for most types of armour.
You have claws for hands.
Your natural rate of healing is unusually fast.
You are covered in fur. (AC +1)
You have tough skin. (AC +1)


Message History

There is an open door here.
There is an open door here.
You open the door.
A centaur warrior comes into view.
The centaur warrior moves out of view.
A centaur warrior comes into view.
The centaur warrior moves out of view.
There is an open door here.
You enter the shallow water.
Found 3 silver javelins and 14 gold pieces.
As you close the door, it creaks loudly!
You hear a shout! x2
You open the door.
The centaur warrior wields a +0 shortbow.
The centaur warrior shoots an arrow.
The arrow hits you!!
Found 33 gold pieces and a whip.
Found a short sword.
The centaur warrior hits you!
The centaur warrior kicks you but does no damage.
The centaur warrior unwields a +0 shortbow.
The centaur warrior hits you but does no damage.
The centaur warrior kicks you but does no damage.
There is an open door, spattered with blood here.
The centaur warrior wields a +0 shortbow.
The centaur warrior shoots an arrow.
The arrow barely misses you.
The centaur warrior shoots an arrow.
The arrow hits you!
You see here a +0 whip.
You see here 15 gold pieces.
The centaur warrior wields a +0 shortbow.
The centaur warrior shoots an arrow.
The arrow hits you!!
The centaur warrior unwields a +0 shortbow.
The centaur warrior hits you!
* * * LOW HITPOINT WARNING * * *
The centaur warrior kicks you.
* * * LOW HITPOINT WARNING * * *
You see here a +0 whip.
You feel yourself speed up.
The centaur warrior shoots an arrow.
The arrow hits you!
* * * LOW HITPOINT WARNING * * *
The centaur warrior hits you.
You die...

.#..)..#..'..#__#..)...#
.)..#..').#..'..'..#...#
.#####'#####'#__####...+
.####..#...#.####§§#####
.#__####..##.#§§~§§#
.#_____##'#_.+§§~§§+
⌠#_.∩...†..._#§c~§.#
.#_..__##_.#'##'####
.#_____###+#.#§c@$#
######## ####+###


You could see 2 centaur warriors.

Vanquished Creatures
  2 kobold demonologists (D)
  Sigmund (D)
  A yak (D)
  A slime creature (D)
  A floating eye (D)
  An ogre (D)
  A jelly (D)
  Ijyb (D)
9 creatures vanquished.

Notes
Turn   | Place    | Note
-------+----------+-------------------------------------------
     0 | D        | Heoruswealwe the Troll Berserker began the quest for the
                  | Orb.
     0 | D        | Reached XP level 1. HP: 22/22 MP: 0/0
     1 | D        | Noticed Ijyb
    18 | D        | Killed Ijyb
    19 | D        | Reached skill level 5 in Unarmed Combat
    19 | D        | Reached XP level 2. HP: 23/31 MP: 1/1
    43 | D        | Noticed an ogre
    47 | D        | Killed an ogre
    48 | D        | Reached skill level 7 in Unarmed Combat
    48 | D        | Reached XP level 3. HP: 40/40 MP: 2/2
    48 | D        | Reached XP level 4. HP: 49/49 MP: 3/3
    65 | D        | Noticed Sigmund
    78 | D        | Killed Sigmund
    78 | D        | Reached ** piety under Trog
    79 | D        | Reached skill level 5 in Fighting
    79 | D        | Reached skill level 5 in Dodging
    79 | D        | Reached skill level 9 in Unarmed Combat
    79 | D        | Reached XP level 5. HP: 32/59 MP: 4/4
    79 | D        | Reached XP level 6. HP: 36/67 MP: 5/5
   120 | D        | Found a burning altar of Makhleb.
   120 | D        | Found a viscous altar of Jiyva.
   120 | D        | Found a shimmering altar of Xom.
   120 | D        | Found a corrupted altar of Lugonu.
   120 | D        | Noticed a slime creature
   125 | D        | Killed a slime creature
   126 | D        | Reached skill level 10 in Unarmed Combat
   144 | D        | Found an ornate altar of the Wu Jian Council.
   144 | D        | Found a shimmering blue altar of Sif Muna.
   146 | D        | Found a radiant altar of Vehumet.
   178 | D        | Found Gedwuab's Jewellery Emporium.
   178 | D        | Found an ancient bone altar of Kikubaaqudgha.
   178 | D        | Found a hazy altar of Hepliaklqana.
   178 | D        | Found a stormy altar of Qazlal.
   178 | D        | Found a hide-covered altar of Uskayaw.
   178 | D        | Found a blossoming altar of Fedhas.
   178 | D        | Found a bloodstained altar of Trog.
   178 | D        | Found an iron altar of Okawaru.
   178 | D        | Found a basalt altar of Yredelemnul.
   178 | D        | Found a glowing golden altar of the Shining One.
   178 | D        | Found a snail-covered altar of Cheibriados.
   178 | D        | Found a sacrificial altar of Ru.
   178 | D        | Found a glowing silver altar of Zin.
   178 | D        | Found a shadowy altar of Dithmenos.
   178 | D        | Found a white marble altar of Elyvilon.
   178 | D        | Noticed a yak
   182 | D        | Killed a yak
   182 | D        | Reached *** piety under Trog
   183 | D        | Reached skill level 11 in Unarmed Combat
   183 | D        | Reached XP level 7. HP: 73/78 MP: 6/6
   183 | D        | Found an opulent altar of Gozag.
   184 | D        | Found a sparkling altar of Nemelex Xobeh.
   188 | D        | Bought a ring of see invisible for 150 gold pieces
   205 | D        | Noticed a kobold demonologist
   206 | D        | Noticed a ynoxinul
   206 | D        | Noticed a kobold demonologist
   210 | D        | Noticed an ice devil
   213 | D        | Noticed an orange demon
   219 | D        | Noticed an ice devil
   224 | D        | Killed a kobold demonologist
   225 | D        | Reached skill level 12 in Unarmed Combat
   232 | D        | Noticed a chaos spawn
   236 | D        | Killed a kobold demonologist
   236 | D        | Reached **** piety under Trog
   237 | D        | Reached skill level 13 in Unarmed Combat
   237 | D        | Reached XP level 8. HP: 16/88 MP: 7/7
   318 | D        | Noticed a centaur warrior
   319 | D        | Noticed a centaur warrior
   327 | D        | Slain by a centaur warrior

Illustrated notes

Levels and vault maps discovered:
D:        dungeon_sprint_1 [red_sonja_temple_1, red_sonja_temple_small_1]

Skill      XL: |  1  2  3  4  5  6  7 |
---------------+----------------------+-----
Fighting       | 3 4 5 7 8 |  8.1
Dodging        | 3 4 5 7 8 |  8.1
Unarmed Combat | 5 7 9 11 13 | 13.2

Action                     |  1- 3 |  4- 6 |  7- 9 || total
---------------------------+-------+-------+-------++-------
  Melee: Unarmed           |    20 |    19 |    26 ||    65
         Punch             |       |     1 |     1 ||     2
 Invoke: Berserk           |       |       |     1 ||     1
  Evoke: Wand              |     1 |       |       ||     1
    Use: Potion            |     1 |       |     3 ||     4
 Armour: Animal skin       |     1 |     2 |    16 ||    19
  Dodge: Dodged            |     4 |     3 |    41 ||    48
